AoeStats
← KevuJr

Arabia

509992707Analyzed
1v1 RM · 2d ago on Sep 29, 2026· 28m 11s· 2 players
Game mode
Random Map
Map size
Tiny (2 player)
Population
200
Speed
Normal
Resources
Standard
Victory
Conquest
Starting age
Dark Age
Ending age
Imperial Age
RankedLock teamsTeams togetherTeam positionsShared explorationLock speedFull tech treeHidden civsTurbo modeCheats
Victory
Defeat
🇹🇼 Burgundians · Taiwan
1431
+13
🇦🇷 Burgundians · Argentina
1364
-13
KevuJr
4:43 Loom
9:20 Feudal Age
9:54 Double-Bit Axe
18:17 Horse Collar
18:25 Town Watch
20:22 Heavy Plow
20:36 Bow Saw
24:49 Castle Age
24:33 Padded Archer Armor
25:09 Fletching
25:48 Scale Barding Armor
25:41 Elite Skirmisher
DonkeyKong
3:07 Double-Bit Axe
6:32 Loom
9:56 Feudal Age
11:14 Bow Saw
19:26 Fletching
20:09 Padded Archer Armor
20:19 Gold Mining
24:27 Castle Age
23:41 Scale Barding Armor
24:30 Forging
24:02 Horse Collar
24:48 Crossbowman
27:14 Wheelbarrow
Connection lost

Rejoining the realm…

Still unreachable

The connection could not be restored.

Session expired

The server has moved on; the page needs a fresh start.